[Event "FICS rated lightning game"]
[Site "FICS freechess.org"]
[FICSGamesDBGameNo "20002036"]
[White "Inne"]
[Black "kristy"]
[WhiteElo "1645"]
[BlackElo "1701"]
[WhiteRD "na"]
[BlackRD "na"]
[TimeControl "60+0"]
[Date "1999.09.23"]
[Time "13:09:00"]
[WhiteClock "0:01:00.000"]
[BlackClock "0:01:00.000"]
[ECO "B06"]
[PlyCount "59"]
[Result "1-0"]

1. e4 g6 2. d4 Bg7 3. c3 a5 4. Bd3 a4 5. Be3 c6 6. Ne2 d6 7. f4 Nd7 8. O-O Ndf6 9. f5 Ng4 10. Qd2 Nxe3 11. Qxe3 Bh6 12. Qf3 g5 13. e5 dxe5 14. dxe5 f6 15. Na3 Qb6+ 16. Kh1 Qxb2 17. Nc4 Qxe2 18. Bxe2 Rb8 19. e6 Bg7 20. Nb6 h5 21. Qd3 Nh6 22. Nxc8 O-O 23. Nxe7+ Kh7 24. Ng6 Rfd8 25. Qe4 g4 26. Bxg4 Nxg4 27. h3 Ne5 28. Qh4 Kh6 29. g4 Nxg4 30. hxg4 {Black forfeits on time} 1-0

[Event "FICS rated blitz game"]
[Site "FICS freechess.org"]
[FICSGamesDBGameNo "20002035"]
[White "optimista"]
[Black "hnodrog"]
[WhiteElo "1499"]
[BlackElo "893"]
[WhiteRD "na"]
[BlackRD "na"]
[TimeControl "300+0"]
[Date "1999.09.23"]
[Time "11:43:00"]
[WhiteClock "0:05:00.000"]
[BlackClock "0:05:00.000"]
[ECO "C64"]
[PlyCount "39"]
[Result "0-1"]

1. e4 e5 2. Nf3 Nc6 3. Bb5 Bc5 4. O-O g5 5. h3 h5 6. c3 g4 7. hxg4 hxg4 8. Nh2 Qh4 9. Re1 Bxf2+ 10. Kf1 Bxe1 11. Nxg4 Qh1+ 12. Ke2 Qxg2+ 13. Nf2 Qxf2+ 14. Kd3 Rh3+ 15. Kc2 d6 16. Na3 a6 17. Be2 f5 18. exf5 Bxf5+ 19. d3 Bxd3+ 20. Kb3 {White resigns} 0-1

[Event "FICS rated blitz game"]
[Site "FICS freechess.org"]
[FICSGamesDBGameNo "20002034"]
[White "jrw"]
[Black "telephone"]
[WhiteElo "1420"]
[BlackElo "1469"]
[WhiteRD "na"]
[BlackRD "na"]
[TimeControl "180+0"]
[Date "1999.09.23"]
[Time "11:29:00"]
[WhiteClock "0:03:00.000"]
[BlackClock "0:03:00.000"]
[ECO "C00"]
[PlyCount "99"]
[Result "1-0"]

1. e4 e6 2. Nc3 c6 3. Bc4 d5 4. exd5 exd5 5. Bb3 Nf6 6. d3 Bd6 7. Nf3 O-O 8. O-O Bg4 9. Bg5 Nbd7 10. h3 Bh5 11. g4 Bg6 12. Qd2 Qc7 13. Rae1 Rfe8 14. Rxe8+ Rxe8 15. Re1 Rxe1+ 16. Qxe1 h6 17. Bxf6 Nxf6 18. Ne2 Bf4 19. Ned4 Kf8 20. Nf5 Bxf5 21. gxf5 Nh7 22. c3 Ng5 23. Nxg5 Bxg5 24. Bc2 Qf4 25. d4 Qh4 26. Qf1 Bf4 27. Qg2 Qh5 28. Bd3 Qd1+ 29. Qf1 Qxf1+ 30. Kxf1 Bc1 31. b3 Bb2 32. c4 dxc4 33. Bxc4 Bxd4 34. Ke2 c5 35. f3 a6 36. Kd3 b5 37. Bd5 f6 38. Ke4 Ke7 39. a3 a5 40. h4 b4 41. axb4 axb4 42. h5 Kd6 43. Be6 Be5 44. f4 Bd4 45. Kf3 Kc6 46. Ke4 Kb5 47. Kd5 Be3 48. Kd6 Bxf4+ 49. Ke7 Bg5 50. Kf7 {Black forfeits on time} 1-0

[Event "FICS rated blitz game"]
[Site "FICS freechess.org"]
[FICSGamesDBGameNo "20002033"]
[White "kisa"]
[Black "KarstenKr"]
[WhiteElo "1552"]
[BlackElo "1645"]
[WhiteRD "na"]
[BlackRD "na"]
[TimeControl "120+12"]
[Date "1999.09.23"]
[Time "10:12:00"]
[WhiteClock "0:02:00.000"]
[BlackClock "0:02:00.000"]
[ECO "C50"]
[PlyCount "63"]
[Result "1-0"]

1. e4 e5 2. Nf3 Nf6 3. Bc4 Nc6 4. d3 Bc5 5. O-O d6 6. h3 Qe7 7. Bg5 Be6 8. Bb5 h6 9. Be3 Bxe3 10. fxe3 Bd7 11. Nc3 g5 12. Nh2 O-O-O 13. Qf3 Nh7 14. Qxf7 Rhf8 15. Qxe7 Nxe7 16. Bxd7+ Kxd7 17. Rxf8 Rxf8 18. Rf1 Rxf1+ 19. Kxf1 a6 20. Nd5 Ng6 21. Ng4 h5 22. Ngf6+ Nxf6 23. Nxf6+ Ke6 24. Nxh5 c5 25. Ng7+ Kf6 26. Ne8+ Ke7 27. Nc7 Nf8 28. Kf2 Nd7 29. Nd5+ Ke6 30. Kf3 Kf7 31. Kg4 Kg6 32. Ne7+ {Black forfeits on time} 1-0

[Event "FICS rated blitz game"]
[Site "FICS freechess.org"]
[FICSGamesDBGameNo "20002032"]
[White "DWisdom"]
[Black "Imi"]
[WhiteElo "1571"]
[BlackElo "1639"]
[WhiteRD "na"]
[BlackRD "na"]
[TimeControl "240+0"]
[Date "1999.09.23"]
[Time "09:33:00"]
[WhiteClock "0:04:00.000"]
[BlackClock "0:04:00.000"]
[ECO "B00"]
[PlyCount "54"]
[Result "1-0"]

1. e4 b6 2. Nf3 Bb7 3. d4 e6 4. Nc3 Bb4 5. Bd3 Nf6 6. e5 Nd5 7. Bd2 c5 8. O-O cxd4 9. Nxd4 d6 10. Nxd5 Bxd5 11. Bxb4 dxe5 12. Nb3 Nc6 13. Bd2 O-O 14. f3 Qf6 15. Be4 Rfd8 16. Qe2 Rac8 17. Bc3 a5 18. a4 h6 19. Rfe1 Bxb3 20. Bxc6 Rxc6 21. cxb3 Qg6 22. Rad1 Rdc8 23. Qd3 Qg5 24. Qe3 Qg6 25. Qe4 Qg5 26. h4 Qh5 27. Qxe5 Qxh4 {Black resigns} 1-0

[Event "FICS rated blitz game"]
[Site "FICS freechess.org"]
[FICSGamesDBGameNo "20002030"]
[White "MAd"]
[Black "kingcas"]
[WhiteElo "1577"]
[BlackElo "1588"]
[WhiteRD "na"]
[BlackRD "na"]
[TimeControl "300+1"]
[Date "1999.09.23"]
[Time "09:08:00"]
[WhiteClock "0:05:00.000"]
[BlackClock "0:05:00.000"]
[ECO "C92"]
[PlyCount "101"]
[Result "1/2-1/2"]

1. e4 e5 2. Nf3 Nc6 3. Bb5 a6 4. Ba4 Nf6 5. O-O Be7 6. Re1 b5 7. Bb3 O-O 8. c3 d6 9. h3 Bb7 10. d4 Re8 11. Nbd2 Bf8 12. Bc2 h6 13. Nf1 exd4 14. cxd4 Nb4 15. Ng3 Nxc2 16. Qxc2 g6 17. a4 c5 18. d5 Bg7 19. Ra3 Nd7 20. Nh2 c4 21. Ng4 Kh7 22. f4 Bxd5 23. Ra1 Nc5 24. axb5 axb5 25. Rxa8 Qxa8 26. e5 dxe5 27. fxe5 Nd3 28. Re2 Nxe5 29. Nxe5 Rxe5 30. Rf2 Re1+ 31. Kh2 Qa1 32. Bf4 Qb1 33. Qd2 Rd1 34. Qe2 Qd3 35. Qe7 Be6 36. Qc7 Qd7 37. Qc5 Bd4 38. Qf8 Bxf2 39. Qxh6+ Kg8 40. Be5 Bxg3+ 41. Kxg3 Qd3+ 42. Kh2 Rh1+ 43. Kxh1 Qf1+ 44. Kh2 f6 45. Qxg6+ Kf8 46. Bxf6 Qf4+ 47. Kh1 Qf1+ 48. Kh2 Qf4+ 49. Kh1 Qf1+ 50. Kh2 Qf4+ 51. Kh1 {Game drawn by repetition} 1/2-1/2

[Event "FICS rated blitz game"]
[Site "FICS freechess.org"]
[FICSGamesDBGameNo "20002029"]
[White "orasap"]
[Black "MaxPain"]
[WhiteElo "1610"]
[BlackElo "1706"]
[WhiteRD "na"]
[BlackRD "na"]
[TimeControl "420+7"]
[Date "1999.09.23"]
[Time "08:46:00"]
[WhiteClock "0:07:00.000"]
[BlackClock "0:07:00.000"]
[ECO "C02"]
[PlyCount "27"]
[Result "1-0"]

1. e4 e6 2. d4 d5 3. e5 c5 4. c3 Nc6 5. Nf3 Qb6 6. Bd3 cxd4 7. cxd4 Bd7 8. O-O Nxd4 9. Nxd4 Qxd4 10. Nc3 Qxe5 11. Re1 Qb8 12. Nxd5 Ne7 13. Bf4 Qd8 14. Nc7+ {Black resigns} 1-0

[Event "FICS rated lightning game"]
[Site "FICS freechess.org"]
[FICSGamesDBGameNo "20002028"]
[White "firestorm"]
[Black "rudeboy"]
[WhiteElo "1638"]
[BlackElo "1399"]
[WhiteRD "na"]
[BlackRD "na"]
[TimeControl "120+0"]
[Date "1999.09.23"]
[Time "08:42:00"]
[WhiteClock "0:02:00.000"]
[BlackClock "0:02:00.000"]
[ECO "B21"]
[PlyCount "61"]
[Result "1-0"]

1. e4 c5 2. d4 cxd4 3. c3 dxc3 4. Nxc3 e5 5. Nf3 Bb4 6. Bc4 d6 7. a3 Bxc3+ 8. bxc3 Nf6 9. a4 O-O 10. Qc2 Bg4 11. Ng5 Nc6 12. h3 Bh5 13. Qd3 Bg6 14. Bb2 a6 15. Ba2 Rc8 16. O-O h6 17. Nf3 Kh7 18. Nh4 Bxe4 19. Qe3 d5 20. Rad1 Ng4 21. hxg4 Qxh4 22. Bxd5 Bxd5 23. Rxd5 Qxg4 24. Rfd1 f5 25. c4 Nd4 26. f3 Nxf3+ 27. Qxf3 Qxc4 28. Bxe5 Rfe8 29. Qxf5+ Kh8 30. Bxg7+ Kxg7 31. Rd7+ {Black forfeits on time} 1-0

[Event "FICS rated blitz game"]
[Site "FICS freechess.org"]
[FICSGamesDBGameNo "20002027"]
[White "Cocoliso"]
[Black "Trampler"]
[WhiteElo "1825"]
[BlackElo "1812"]
[WhiteRD "na"]
[BlackRD "na"]
[TimeControl "180+0"]
[Date "1999.09.23"]
[Time "08:02:00"]
[WhiteClock "0:03:00.000"]
[BlackClock "0:03:00.000"]
[ECO "B01"]
[PlyCount "72"]
[Result "0-1"]

1. e4 d5 2. exd5 Qxd5 3. Nf3 Nf6 4. c3 c5 5. d4 Nc6 6. Be2 cxd4 7. cxd4 Bf5 8. Nc3 Qd7 9. O-O e6 10. Re1 Be7 11. Bf4 O-O 12. Qd2 Rfd8 13. Rad1 Rac8 14. Ne5 Nxe5 15. Bxe5 a6 16. Qf4 Bg6 17. Bf3 Nd5 18. Qg3 f6 19. Bf4 Nxf4 20. Qxf4 Bd6 21. Qe4 Bxe4 22. Nxe4 Bb8 23. Nc5 Rxc5 24. dxc5 Qc7 25. g3 Rxd1 26. Rxd1 b5 27. b4 Qe7 28. a3 Be5 29. Bc6 f5 30. Rd7 Qg5 31. f4 Bxf4 32. Rd8+ Qxd8 33. gxf4 Qd4+ 34. Kg2 Qxf4 35. Bb7 Qd2+ 36. Kg3 e5 {White forfeits on time} 0-1

[Event "FICS rated blitz game"]
[Site "FICS freechess.org"]
[FICSGamesDBGameNo "20002026"]
[White "firestorm"]
[Black "ifn"]
[WhiteElo "1659"]
[BlackElo "1605"]
[WhiteRD "na"]
[BlackRD "na"]
[TimeControl "180+0"]
[Date "1999.09.23"]
[Time "08:00:00"]
[WhiteClock "0:03:00.000"]
[BlackClock "0:03:00.000"]
[ECO "B21"]
[PlyCount "52"]
[Result "0-1"]

1. e4 c5 2. Nf3 Nc6 3. d4 cxd4 4. c3 dxc3 5. Nxc3 d6 6. Bc4 e6 7. O-O Be7 8. Qe2 Nf6 9. Rd1 Nd7 10. Bf4 e5 11. Bg3 a6 12. Rac1 Nb6 13. Nxe5 Nxe5 14. Bxe5 Qc7 15. Nd5 Nxd5 16. Bxd5 Qb6 17. Bxg7 Rg8 18. Bh6 Rg6 19. Bf4 Bg4 20. Qd2 Bxd1 21. Rxd1 Rc8 22. a3 Qa7 23. b4 b5 24. Qa2 Bf6 25. Bxf7+ Qxf7 26. Rxd6 Qxa2 {White resigns} 0-1

[Event "FICS rated blitz game"]
[Site "FICS freechess.org"]
[FICSGamesDBGameNo "20002025"]
[White "Sye"]
[Black "marcopar"]
[WhiteElo "941"]
[BlackElo "1313"]
[WhiteRD "na"]
[BlackRD "na"]
[TimeControl "600+5"]
[Date "1999.09.23"]
[Time "07:55:00"]
[WhiteClock "0:10:00.000"]
[BlackClock "0:10:00.000"]
[ECO "B23"]
[PlyCount "32"]
[Result "0-1"]

1. e4 c5 2. Nc3 Nc6 3. Bc4 d6 4. Qf3 Nf6 5. Nge2 a6 6. O-O g6 7. h3 Ne5 8. Qf4 Nxc4 9. d4 cxd4 10. Nxd4 e5 11. Qg5 exd4 12. e5 dxe5 13. Nd5 Bg7 14. b3 Na5 15. Qxe5+ Be6 16. Bg5 Qxd5 {White forfeits on time} 0-1

[Event "FICS rated blitz game"]
[Site "FICS freechess.org"]
[FICSGamesDBGameNo "20002024"]
[White "AFoolishGentleman"]
[Black "tseus"]
[WhiteElo "1596"]
[BlackElo "1578"]
[WhiteRD "na"]
[BlackRD "na"]
[TimeControl "120+12"]
[Date "1999.09.23"]
[Time "07:46:00"]
[WhiteClock "0:02:00.000"]
[BlackClock "0:02:00.000"]
[ECO "D08"]
[PlyCount "70"]
[Result "0-1"]

1. d4 d5 2. c4 e5 3. dxe5 d4 4. Nf3 Nc6 5. Bf4 a5 6. g3 Bb4+ 7. Nbd2 Bg4 8. Bg2 Bxf3 9. Bxf3 Nge7 10. a3 Bxd2+ 11. Qxd2 Ng6 12. Bxc6+ bxc6 13. O-O c5 14. b4 Nxf4 15. gxf4 Qe7 16. b5 f6 17. exf6 Qxf6 18. e3 O-O 19. Kh1 Rfd8 20. Qe2 Rd6 21. Qf3 Rad8 22. e4 R6d7 23. e5 Qf5 24. Rg1 d3 25. Rg5 Qf7 26. Qe4 d2 27. Rd1 Qe7 28. Qc2 Rd3 29. Rg3 R3d4 30. Rf3 Qe6 31. f5 Qxe5 32. f6 gxf6 33. Rg3+ Kh8 34. Rh3 Qe4+ 35. Qxe4 Rxe4 {White resigns} 0-1

[Event "FICS rated lightning game"]
[Site "FICS freechess.org"]
[FICSGamesDBGameNo "20002023"]
[White "Manu"]
[Black "postbode"]
[WhiteElo "1679"]
[BlackElo "1962"]
[WhiteRD "na"]
[BlackRD "na"]
[TimeControl "60+0"]
[Date "1999.09.23"]
[Time "07:15:00"]
[WhiteClock "0:01:00.000"]
[BlackClock "0:01:00.000"]
[ECO "E81"]
[PlyCount "48"]
[Result "0-1"]

1. d4 Nf6 2. c4 g6 3. Nc3 Bg7 4. e4 O-O 5. f3 d6 6. Be3 c5 7. Qd2 cxd4 8. Bxd4 Nc6 9. Be3 Be6 10. Bd3 Rc8 11. Nge2 Ne5 12. b3 Nxd3+ 13. Qxd3 a6 14. Rd1 Qc7 15. Nf4 Bd7 16. O-O Bc6 17. Ncd5 Nxd5 18. Nxd5 Bxd5 19. cxd5 Qa5 20. Qd2 Qxd2 21. Rxd2 Rc7 22. Bb6 Rc3 23. Rff2 Rfc8 24. g4 Be5 {White forfeits on time} 0-1

[Event "FICS rated blitz game"]
[Site "FICS freechess.org"]
[FICSGamesDBGameNo "20002022"]
[White "orasap"]
[Black "Quasar"]
[WhiteElo "1616"]
[BlackElo "1621"]
[WhiteRD "na"]
[BlackRD "na"]
[TimeControl "420+7"]
[Date "1999.09.23"]
[Time "05:34:00"]
[WhiteClock "0:07:00.000"]
[BlackClock "0:07:00.000"]
[ECO "B83"]
[PlyCount "61"]
[Result "1-0"]

1. e4 c5 2. Nf3 e6 3. d4 cxd4 4. Nxd4 Nf6 5. Nc3 d6 6. Be2 Be7 7. O-O O-O 8. Be3 Nc6 9. Nxc6 bxc6 10. f4 d5 11. e5 Nd7 12. Qe1 c5 13. Bd2 Qb6 14. Na4 Qc6 15. b3 Bb7 16. Nc3 Rfc8 17. Bb5 Qc7 18. Ne2 a6 19. Ba5 Qb8 20. Bxd7 Rf8 21. Ng3 d4 22. f5 exf5 23. Nxf5 Bg5 24. Qg3 Be3+ 25. Nxe3 dxe3 26. Qxe3 Bd5 27. Bc3 Qb7 28. Bh3 Rae8 29. Qxc5 Rc8 30. Qd4 Qc6 31. Bxc8 {Black resigns} 1-0

[Event "FICS rated blitz game"]
[Site "FICS freechess.org"]
[FICSGamesDBGameNo "20002021"]
[White "Chevreuil"]
[Black "mudobber"]
[WhiteElo "1451"]
[BlackElo "1429"]
[WhiteRD "na"]
[BlackRD "na"]
[TimeControl "300+0"]
[Date "1999.09.23"]
[Time "04:16:00"]
[WhiteClock "0:05:00.000"]
[BlackClock "0:05:00.000"]
[ECO "C31"]
[PlyCount "64"]
[Result "0-1"]

1. e4 e5 2. f4 d5 3. exd5 e4 4. Nc3 f5 5. d3 Nd7 6. dxe4 fxe4 7. Bb5 Nf6 8. Qe2 Qe7 9. Bd2 a6 10. Ba4 b5 11. Bb3 Nc5 12. a3 Nxb3 13. cxb3 Bb7 14. O-O-O O-O-O 15. Be3 Nxd5 16. Nxd5 Bxd5 17. Qc2 g6 18. Bd4 Rg8 19. Ne2 Bg7 20. g3 Bxd4 21. Rxd4 e3 22. Rhd1 Qe6 23. Qc5 Bxb3 24. Rxd8+ Rxd8 25. Rxd8+ Kxd8 26. Qd4+ Kc8 27. Qc3 Bc4 28. Kd1 Qd5+ 29. Kc2 Bxe2 30. Qxe3 Qd1+ 31. Kc3 Qe1+ 32. Kb3 Bd1+ {White resigns} 0-1

[Event "FICS rated blitz game"]
[Site "FICS freechess.org"]
[FICSGamesDBGameNo "20002020"]
[White "Wedberg"]
[Black "ForgacsJ(FM)"]
[WhiteElo "1950"]
[BlackElo "2104"]
[WhiteRD "na"]
[BlackRD "na"]
[TimeControl "300+0"]
[Date "1999.09.23"]
[Time "03:53:00"]
[WhiteClock "0:05:00.000"]
[BlackClock "0:05:00.000"]
[ECO "A81"]
[PlyCount "111"]
[Result "1-0"]

1. Nf3 f5 2. d4 Nf6 3. g3 e6 4. Bg2 d5 5. O-O Bd6 6. b3 O-O 7. Ba3 Qe7 8. Qc1 a5 9. Bxd6 cxd6 10. Nbd2 Nc6 11. c4 Bd7 12. cxd5 Nxd5 13. Qb2 Nf6 14. Rac1 Rfc8 15. Nc4 Ra6 16. e3 b5 17. Ncd2 Raa8 18. a3 d5 19. Rc2 Nd8 20. Rfc1 Nb7 21. Rc7 Rxc7 22. Rxc7 Nd6 23. Ne5 Qd8 24. Qc2 Nde8 25. Rc5 Rc8 26. Bf1 b4 27. axb4 axb4 28. Ba6 Rc7 29. Rxc7 Nxc7 30. Bd3 Ne4 31. Bxe4 dxe4 32. Qc5 Bb5 33. Qxb4 Qe8 34. Ndc4 Nd5 35. Qc5 Ba6 36. b4 Bxc4 37. Nxc4 h5 38. Ne5 Kh7 39. b5 h4 40. Qc6 Qh5 41. Qxe6 Qd1+ 42. Kg2 h3+ 43. Kxh3 Qh5+ 44. Kg2 Nxe3+ 45. fxe3 Qe2+ 46. Kg1 Qd1+ 47. Kf2 Qd2+ 48. Kg1 Qe1+ 49. Kg2 Qe2+ 50. Kh3 Qh5+ 51. Kg2 Qe2+ 52. Kh3 Qh5+ 53. Kg2 Qe2+ 54. Kh3 Qf1+ 55. Kh4 Qf2 56. Qg6+ {Black forfeits on time} 1-0

[Event "FICS rated lightning game"]
[Site "FICS freechess.org"]
[FICSGamesDBGameNo "20002019"]
[White "knightvision"]
[Black "Fideli"]
[WhiteElo "1715"]
[BlackElo "1871"]
[WhiteRD "na"]
[BlackRD "na"]
[TimeControl "60+0"]
[Date "1999.09.23"]
[Time "01:44:00"]
[WhiteClock "0:01:00.000"]
[BlackClock "0:01:00.000"]
[ECO "D05"]
[PlyCount "78"]
[Result "0-1"]

1. d4 e6 2. e3 d5 3. Nf3 Nf6 4. Bd3 Be7 5. c3 b6 6. O-O c5 7. Nbd2 Bb7 8. b3 a6 9. Bb2 Nbd7 10. Rc1 Qb8 11. c4 cxd4 12. Nxd4 dxc4 13. bxc4 e5 14. N4f3 Ra7 15. Ne4 Nxe4 16. Bxe4 Bxe4 17. Nxe5 Nxe5 18. Bxe5 Qxe5 19. f3 Ba8 20. e4 O-O 21. Qc2 Bc5+ 22. Kh1 Qf6 23. Rfd1 a5 24. Rd5 Bxd5 25. cxd5 Rc7 26. Qb3 Bd6 27. Rb1 Qc3 28. Qxb6 Qc1+ 29. Rxc1 Rxc1+ 30. Qg1 Ba3 31. Qxc1 Bxc1 32. Kg1 Ba3 33. Kf2 Rb8 34. g4 Rb2+ 35. Ke3 Rxa2 36. Kd3 Bc1 37. h4 Bh6 38. g5 Bxg5 39. hxg5 Ra3+ {White forfeits on time} 0-1

[Event "FICS rated lightning game"]
[Site "FICS freechess.org"]
[FICSGamesDBGameNo "20002018"]
[White "lsieh"]
[Black "harryrao"]
[WhiteElo "1514"]
[BlackElo "1333"]
[WhiteRD "na"]
[BlackRD "na"]
[TimeControl "120+0"]
[Date "1999.09.22"]
[Time "21:05:00"]
[WhiteClock "0:02:00.000"]
[BlackClock "0:02:00.000"]
[ECO "D35"]
[PlyCount "48"]
[Result "0-1"]

1. d4 d5 2. c4 e6 3. Nc3 Nf6 4. cxd5 exd5 5. Nf3 Bb4 6. Bf4 O-O 7. e3 c6 8. Be2 Re8 9. h3 Ne4 10. Rc1 Nd7 11. O-O Ndf6 12. a3 Bd6 13. Ne5 Bxe5 14. dxe5 Nd7 15. Nxe4 dxe4 16. e6 Rxe6 17. Bc4 Rf6 18. Bg5 Ne5 19. Bxf6 Qxf6 20. Be2 Nf3+ 21. Bxf3 exf3 22. gxf3 Qg5+ 23. Kh2 Bxh3 24. f4 Qg2# {White checkmated} 0-1

[Event "FICS rated lightning game"]
[Site "FICS freechess.org"]
[FICSGamesDBGameNo "20002017"]
[White "lucio"]
[Black "nader"]
[WhiteElo "1617"]
[BlackElo "1741"]
[WhiteRD "na"]
[BlackRD "na"]
[TimeControl "60+0"]
[Date "1999.09.22"]
[Time "21:02:00"]
[WhiteClock "0:01:00.000"]
[BlackClock "0:01:00.000"]
[ECO "C00"]
[PlyCount "65"]
[Result "1-0"]

1. e4 e6 2. Nf3 b6 3. Bd3 Bb7 4. O-O Nf6 5. Re1 c5 6. Nc3 a6 7. Bf1 b5 8. d3 d5 9. exd5 Nxd5 10. Nxd5 Qxd5 11. Bf4 Be7 12. Rc1 O-O 13. c4 Qd7 14. cxb5 axb5 15. d4 c4 16. b3 cxb3 17. Qxb3 Bd5 18. Qb2 Rxa2 19. Qb1 Qa7 20. Bxb5 Ra6 21. Bxa6 Qxa6 22. Qa1 Qxa1 23. Rxa1 Nd7 24. h3 Bxf3 25. gxf3 Nf6 26. Be5 Nd5 27. Ra7 Bb4 28. Rb1 Bc3 29. Rbb7 f6 30. Bd6 Re8 31. Rxg7+ Kh8 32. Rxh7+ Kg8 33. Rag7# {Black checkmated} 1-0

[Event "FICS rated blitz game"]
[Site "FICS freechess.org"]
[FICSGamesDBGameNo "20002016"]
[White "nakita"]
[Black "aire"]
[WhiteElo "1629"]
[BlackElo "1646"]
[WhiteRD "na"]
[BlackRD "na"]
[TimeControl "300+2"]
[Date "1999.09.22"]
[Time "20:55:00"]
[WhiteClock "0:05:00.000"]
[BlackClock "0:05:00.000"]
[ECO "B07"]
[PlyCount "134"]
[Result "1/2-1/2"]

1. e4 d6 2. f4 Nf6 3. d3 Nc6 4. Nf3 g6 5. Be2 Bg7 6. O-O O-O 7. Nbd2 Bg4 8. c3 e5 9. Nc4 Bxf3 10. Bxf3 exf4 11. Bxf4 Nd7 12. d4 Nb6 13. Ne3 Qe7 14. Nd5 Nxd5 15. exd5 Nd8 16. Re1 Qd7 17. Qd2 c6 18. dxc6 bxc6 19. Re2 d5 20. Rae1 Ne6 21. Be5 Bxe5 22. Rxe5 Rae8 23. Bg4 Qd6 24. Qe3 Nc7 25. Qg3 Ne6 26. Qf2 Re7 27. h4 Rfe8 28. Qf6 Qd8 29. h5 Rf8 30. h6 Rd7 31. Qxd8 Rdxd8 32. Bxe6 fxe6 33. Rxe6 Rd7 34. Re7 Rf7 35. Re8+ Rf8 36. R8e6 Kf7 37. Rxc6 Rb8 38. b3 Rb6 39. Rxb6 axb6 40. a4 Rc7 41. Re3 g5 42. Kf2 Kg6 43. Re6+ Kf5 44. Rxb6 Rxc3 45. a5 Rc2+ 46. Kg3 Ra2 47. a6 Ke4 48. b4 Kxd4 49. b5 Kc5 50. Rb7 d4 51. a7 d3 52. b6 d2 53. Rd7 Kxb6 54. Rxd2 Rxa7 55. Rd5 Ra3+ 56. Kg4 Ra2 57. g3 Rh2 58. Rxg5 Rxh6 59. Rg7 Kc6 60. Kg5 Rh3 61. g4 Kd6 62. Kf6 Rh4 63. g5 Rh1 64. Kf7 Ke5 65. Kg8 Kf5 66. Rxh7 Rxh7 67. Kxh7 Kxg5 {Neither player has mating material} 1/2-1/2

[Event "FICS rated blitz game"]
[Site "FICS freechess.org"]
[FICSGamesDBGameNo "20002015"]
[White "Pacho"]
[Black "odie"]
[WhiteElo "1830"]
[BlackElo "1983"]
[WhiteRD "na"]
[BlackRD "na"]
[TimeControl "300+2"]
[Date "1999.09.22"]
[Time "19:22:00"]
[WhiteClock "0:05:00.000"]
[BlackClock "0:05:00.000"]
[ECO "B04"]
[PlyCount "152"]
[Result "0-1"]

1. e4 Nf6 2. e5 Nd5 3. d4 d6 4. Nf3 c5 5. dxc5 dxc5 6. c4 Nb4 7. Qxd8+ Kxd8 8. Na3 Bf5 9. Bg5 N8c6 10. Be2 f6 11. Be3 b6 12. O-O fxe5 13. Rfd1+ Ke8 14. Nb5 Rc8 15. Rd2 g6 16. Nh4 Bg7 17. a3 Na6 18. Bf3 Be6 19. Bxc6+ Rxc6 20. Nxa7 Rd6 21. b3 Kf7 22. Rad1 Rhd8 23. Nf3 Nc7 24. Ng5+ Kf6 25. Ne4+ Kf7 26. Nxd6+ exd6 27. Nc6 Ra8 28. a4 Bf8 29. Bg5 h6 30. Nd8+ Ke8 31. Nxe6 Nxe6 32. Be3 Kd7 33. g3 Kc6 34. f4 Nd4 35. Bxd4 cxd4 36. Re2 Bg7 37. Rf1 Kc5 38. Rf3 Ra7 39. Kf1 Re7 40. Re4 Kb4 41. Ke2 h5 42. Kd2 Bh6 43. Kc2 Bg7 44. f5 Rf7 45. g4 h4 46. f6 Bh6 47. g5 Bxg5 48. Rg4 Bf4 49. Rxg6 Bxh2 50. Rg7 Rf8 51. Rb7 e4 52. Rxb6+ Kc5 53. Rb5+ Kc6 54. Rf2 Bg3 55. Rff5 h3 56. a5 h2 57. Rb6+ Kc7 58. Rh5 Rf7 59. c5 dxc5 60. Rxc5+ Kd7 61. Rd5+ Kc7 62. Rc5+ Kd7 63. Rb7+ Ke6 64. Rc6+ Kf5 65. Rc5+ Kf4 66. Rxf7 h1=Q 67. Rfc7 Ke3 68. a6 d3+ 69. Kb2 Bxc7 70. Rxc7 d2 71. Rc3+ Kd4 72. Rc4+ Ke5 73. f7 d1=Q 74. Rxe4+ Qxe4 75. f8=Q Qed4+ 76. Ka3 Q1a1# {White checkmated} 0-1

[Event "FICS rated standard game"]
[Site "FICS freechess.org"]
[FICSGamesDBGameNo "20002014"]
[White "Percevan"]
[Black "Nulfinator"]
[WhiteElo "1761"]
[BlackElo "1562"]
[WhiteRD "na"]
[BlackRD "na"]
[TimeControl "600+10"]
[Date "1999.09.22"]
[Time "18:52:00"]
[WhiteClock "0:10:00.000"]
[BlackClock "0:10:00.000"]
[ECO "C50"]
[PlyCount "69"]
[Result "1-0"]

1. e4 e5 2. Nf3 Nc6 3. Bc4 Bc5 4. a3 Nf6 5. d3 O-O 6. Nc3 Bxf2+ 7. Kxf2 Nd4 8. h3 c6 9. Rf1 d5 10. exd5 Nxd5 11. Nxd5 cxd5 12. Ba2 Nf5 13. Qe2 Qb6+ 14. Be3 Nxe3 15. Qxe3 Qxb2 16. Qd2 e4 17. dxe4 dxe4 18. c3 Qxd2+ 19. Nxd2 Re8 20. Ke3 Be6 21. Bxe6 Rxe6 22. Rf4 Rc6 23. Rc1 Ra6 24. Nb1 g6 25. Rxe4 f5 26. Re7 Rb6 27. Nd2 Rb8 28. c4 Rb2 29. Rc3 Rd8 30. Nf3 Rxg2 31. Rxb7 Rg3 32. h4 Re8+ 33. Kf2 Rg4 34. c5 Rc8 35. c6 {Black resigns} 1-0

[Event "FICS rated lightning game"]
[Site "FICS freechess.org"]
[FICSGamesDBGameNo "20002013"]
[White "diaphanous"]
[Black "nescio"]
[WhiteElo "1891"]
[BlackElo "1981"]
[WhiteRD "na"]
[BlackRD "na"]
[TimeControl "120+1"]
[Date "1999.09.22"]
[Time "18:44:00"]
[WhiteClock "0:02:00.000"]
[BlackClock "0:02:00.000"]
[ECO "B06"]
[PlyCount "53"]
[Result "1-0"]

1. d4 g6 2. e4 Bg7 3. Nf3 d6 4. Bc4 c6 5. Bb3 d5 6. e5 Bg4 7. h3 Bxf3 8. Qxf3 e6 9. O-O c5 10. c4 dxc4 11. Bxc4 cxd4 12. Qxb7 Nd7 13. Bb5 Rc8 14. Bg5 Qc7 15. Qa6 Ne7 16. Rc1 Qxc1+ 17. Bxc1 Rxc1+ 18. Kh2 Bxe5+ 19. g3 Rc2 20. Kg2 Nd5 21. Na3 Rxb2 22. Nc4 Rxb5 23. Qxb5 Ke7 24. Nxe5 Nxe5 25. Qc5+ Kf6 26. Qxd4 Rd8 27. f4 {Black resigns} 1-0

[Event "FICS rated blitz game"]
[Site "FICS freechess.org"]
[FICSGamesDBGameNo "20002011"]
[White "feld"]
[Black "Leebros"]
[WhiteElo "1355"]
[BlackElo "1286"]
[WhiteRD "na"]
[BlackRD "na"]
[TimeControl "420+0"]
[Date "1999.09.22"]
[Time "17:58:00"]
[WhiteClock "0:07:00.000"]
[BlackClock "0:07:00.000"]
[ECO "C40"]
[PlyCount "52"]
[Result "0-1"]

1. e4 e5 2. Nf3 d5 3. d3 Bg4 4. h3 Bxf3 5. Qxf3 d4 6. Nd2 Nf6 7. Nc4 Nc6 8. Bg5 Be7 9. h4 O-O 10. O-O-O b5 11. Nd2 a5 12. h5 h6 13. Bxf6 Bxf6 14. g4 a4 15. a3 Na5 16. Rg1 Bg5 17. Qf5 Qd6 18. Kb1 Rfb8 19. Nf3 b4 20. Nxg5 hxg5 21. Qxg5 bxa3 22. b3 a2+ 23. Ka1 Nxb3+ 24. Kxa2 Qe6 25. cxb3 Qxb3+ 26. Ka1 Qb2# {White checkmated} 0-1

[Event "FICS rated lightning game"]
[Site "FICS freechess.org"]
[FICSGamesDBGameNo "20002010"]
[White "JohnX"]
[Black "Bende"]
[WhiteElo "1501"]
[BlackElo "1870"]
[WhiteRD "na"]
[BlackRD "na"]
[TimeControl "60+0"]
[Date "1999.09.22"]
[Time "17:51:00"]
[WhiteClock "0:01:00.000"]
[BlackClock "0:01:00.000"]
[ECO "A40"]
[PlyCount "83"]
[Result "1-0"]

1. d4 e5 2. Nf3 exd4 3. Nxd4 c5 4. Nf3 d5 5. c3 Nf6 6. Bg5 Nc6 7. e3 Be7 8. Bb5 Bg4 9. O-O O-O 10. h3 Bh5 11. Nbd2 Ne5 12. Be2 Ne4 13. Bxe7 Qxe7 14. Nxe5 Bxe2 15. Qxe2 Qxe5 16. Nf3 Qe6 17. Rfd1 Rfd8 18. Rab1 Rac8 19. c4 d4 20. exd4 cxd4 21. Nxd4 Qf5 22. Nxf5 Nf6 23. Ne7+ Kh8 24. Nxc8 Rxc8 25. Rd6 Rg8 26. Rbd1 Ne8 27. Qe3 Nxd6 28. Rxd6 h6 29. Qe7 Kh7 30. Qxf7 b6 31. Rd7 a6 32. Ra7 a5 33. Ra6 a4 34. Rxb6 a3 35. c5 axb2 36. Rxb2 Kh8 37. c6 Kh7 38. c7 Kh8 39. Rb8 Rxb8 40. cxb8=Q+ Kh7 41. Qff8 Kg6 42. Qf3 {Black forfeits on time} 1-0